 Dungeon Crawl Stone Soup version 0.26.0-10-g1f06aea511 (webtiles) character file.

Game seed: 13689756303863115046

438 sanka the Chopper (level 6, -1/57 HPs)
             Began as a Deep Dwarf Enchanter on Jan 20, 2021.
             Succumbed to a worker ant's poison
             ... on level 4 of the Dungeon.
             The game lasted 00:06:35 (2701 turns).

sanka the Chopper (Deep Dwarf Enchanter)            Turns: 2701, Time: 00:06:36

Health: -1/57      AC:  8    Str: 14    XL:     6   Next: 69%
Magic:  7/7        EV:  6    Int: 15    God:
Gold:   164        SH:  0    Dex: 13    Spells: 5/8 levels left

rFire    . . .     SeeInvis .   a - +0 hand axe
rCold    + . .     Faith    .   (no shield)
rNeg     . . .     Spirit   .   l - +0 chain mail
rPois    .         Reflect  .   (no helmet)
rElec    .         Harm     .   e - scarf {repulsion}
rCorr    .         Rampage  .   (no gloves)
Will     .....                  (no boots)
Stlth    ..........             (no amulet)
HPRegen  0.00/turn              (no ring)
MPRegen  0.10/turn              d - ring of protection from cold

@: lethally poisoned (-1 -> -5), non-regenerating, repel missiles
A: damage resistance, heal wounds, sense surroundings 1, no regeneration
a: Heal Wounds


You were on level 4 of the Dungeon.
You visited 1 branch of the dungeon, and saw 4 of its levels.

You collected 164 gold pieces.


Innate Abilities, Weirdness & Mutations

You are resistant to damage.
You can heal yourself by infusing magical energy.
You passively map a small area around you.
You do not regenerate.


   Skills:
 + Level 4.1 Fighting
 - Level 0.8 Short Blades
 * Level 5.4 Axes
 - Level 2.1 Dodging
 - Level 3.6 Stealth
 - Level 1.7 Spellcasting
 - Level 2.4 Hexes


You had 5 spell levels left.
You knew the following spells:

 Your Spells              Type           Power        Failure   Level
z - Ensorcelled Hibernat  Hex/Ice        8%           100%        2
Z - Corona                Hex            8%           95%         1

Your spell library contained the following spells:

 Spells                   Type           Power        Failure   Level
 Confusing Touch          Hex            8%           100%        3
 Dazzling Flash           Conj/Hex       8%           100%        3
 Tukima's Dance           Hex            8%           100%        3

Inventory:

Hand Weapons
 a - a +0 hand axe (weapon)
 h - a +1 dagger
 q - a +0 flail
 r - a +1 dagger of venom
Armour
 b - a +0 robe
 e - a scarf of repulsion (worn)
 l - a +0 chain mail (worn)
Jewellery
 d - a ring of protection from cold (right hand)
Scrolls
 c - a scroll of fear {unknown}
 f - a scroll of amnesia {unknown}
 g - a scroll of fog {unknown}
 j - 2 scrolls of enchant armour {unknown}
 k - 2 scrolls of identify {unknown}
 o - 2 scrolls of teleportation {unknown}
 p - a scroll of random uselessness {unknown}
Potions
 i - 2 potions of flight
 m - 2 potions of haste {unknown}
 n - a potion of lignification {unknown}

Dungeon Overview and Level Annotations

Branches:
Dungeon (4/15)
 Temple: D:4-7

Altars:
Gozag
Sif Muna
Vehumet
Zin

Annotations:
D:2 1 runed translucent door, Crazy Yiuf

▒▒.£.▒▒ ░░
▒▒.....▒▒
▒.......▒▒ ,
░,.........▒
, ▒.......▒
, ░ ▒......▒
, ░▒†B..▒.▒
░ ░▒g..▒▒.▒
▒..▒.▒.▒
▒▒▒▒▒▒▒
▒...▒..▒
▒.....▒
▒▒.▒▒▒)▒
▒.....▒
▒▒.▒[▒▒ ,
▒....>▒
▒▒.▒▒ ,░
▒.....▒ ▒.▒
.._.▒
▒.....▒▒▒▒
▒.▒ ....▒
▒▒▒.▒▒...▒▒
▒.▒


You could see a worker ant.


Message History

The worker ant bites you but does no damage.
Unknown command.
You barely miss the worker ant.
The worker ant is lightly wounded.
The worker ant bites you.
You are more poisoned.
The worker ant poisons you!
You completely miss the worker ant.
The worker ant is lightly wounded.
You feel sick. The worker ant bites you.
* * * LOW HITPOINT WARNING * * *
Unknown command.
You hit the worker ant but do no damage.
The worker ant is lightly wounded.
You feel sick. The worker ant bites you.
You are lethally poisoned!
The worker ant poisons you!
Unknown command.
Unknown command.
Use which ability? (? or * to list)
You fail to use your ability.
* * * LOW HITPOINT WARNING * * *
You feel sick.
The worker ant bites you but does no damage.
The worker ant bites you.
Use which ability? (? or * to list)
You fail to use your ability.
You die...

Action                   |  1- 3 |  4- 6 || total
-------------------------+-------+-------++-------
Melee: Dagger            |    97 |       ||    97
       Hand axe          |    36 |   272 ||   308
 Cast: Corona            |    13 |       ||    13
       Ensorcelled Hiber |     1 |       ||     1
 Abil: Heal Wounds       |     3 |     4 ||     7
  Use: Potion            |     2 |       ||     2
 Stab: Sleeping          |     3 |       ||     3
       Distracted        |     1 |       ||     1
Armor: Robe              |    28 |       ||    28
       Chain mail        |     6 |   156 ||   162
Dodge: Dodged            |    86 |   103 ||   189
       Repelled          |       |     3 ||     3

Levels and vault maps discovered:
D:1:      tarquinn_simple_flora_water_d, layout_basic
D:2:      layout_loops_ring, serial_bayou_pond_d, uniq_sigmund,
          uniq_crazy_yiuf_cottage
D:3:      layout_basic, hangedman_decor_peaks_small,
          nicolae_gozag_cash_rules_everything_around_me
D:4:      layout_loops_cross, grunt_temple_overflow_open,
          minmay_temple_entry_glass, serial_bayou, serial_bayou_pond_d,
          serial_bayou_pond_d, serial_bayou_pond_a, serial_bayou_pond_a,
          gammafunk_ghost_split

Notes
Turn   | Place    | Note
-------+----------+-------------------------------------------
     0 | D:1      | sanka the Deep Dwarf Enchanter began the quest for the Orb.
     0 | D:1      | Reached XP level 1. HP: 15/15 MP: 3/3
    36 | D:1      | Reached skill level 1 in Fighting
    63 | D:1      | Reached XP level 2. HP: 14/25 MP: 1/4
   102 | D:1      | Learned a level 2 spell: Ensorcelled Hibernation
   352 | D:1      | Reached skill level 2 in Fighting
   666 | D:1      | Reached XP level 3. HP: 10/33 MP: 5/5
   946 | D:2      | Reached skill level 1 in Axes
   957 | D:2      | Noticed Sigmund
   965 | D:2      | HP: 2/33 [Sigmund/+0 scythe (3)]
   985 | D:2      | Killed Sigmund
   986 | D:2      | Reached skill level 3 in Fighting
   986 | D:2      | Reached skill level 3 in Axes
   986 | D:2      | Reached XP level 4. HP: 17/42 MP: 5/5
   986 | D:2      | Reached XP level 5. HP: 20/49 MP: 6/6
  1109 | D:2      | Reached skill level 4 in Axes
  1351 | D:2      | Found a runed translucent door.
  1352 | D:2      | Noticed Crazy Yiuf
  2190 | D:3      | Reached XP level 6. HP: 34/57 MP: 7/7
  2326 | D:3      | Found an opulent altar of Gozag.
  2586 | D:4      | Found a shimmering blue altar of Sif Muna.
  2588 | D:4      | Found a glowing silver altar of Zin.
  2588 | D:4      | Found a radiant altar of Vehumet.
  2633 | D:4      | Reached skill level 4 in Fighting
  2633 | D:4      | Reached skill level 5 in Axes
  2698 | D:4      | HP: 5/57 [worker ant (4)]
  2700 | D:4      | HP: 1/57 [poisoned by a worker ant]
  2701 | D:4      | Succumbed to a worker ant's poison

Vanquished Creatures
  Sigmund (D:2)
  A howler monkey (D:4)
  An orc priest (D:3)
  An orc wizard (D:4)
  An iguana (D:4)
  A worker ant (D:4)
  6 adders
  A white imp (D:2)
  2 oozes (D:1)
  A worm (D:2)
  A dart slug (D:1)
  2 leopard geckos
  4 orcs
  5 bats
  3 giant cockroaches
  6 goblins
  8 hobgoblins
  2 quokkas
  A ball python (D:3)
  6 frilled lizards
  8 kobolds
  7 rats
69 creatures vanquished.

Vanquished Creatures (others)
  An orc wizard (D:4)
1 creature vanquished.

Grand Total: 70 creatures vanquished

Table legend: (Time is in decaauts)
 A = Elapsed time spent in this place.
 B = Non-inter-level travel time spent in this place.
 C = Inter-level travel time spent in this place.
 D = Time resting spent in this place.
 E = Time spent auto-exploring this place.
 F = Levels seen in this place.
 G = Mean time per level.
                   A        B        C        D        E       F      G
               +--------+--------+--------+--------+--------+-----+--------+
         Total |   2728 |   2618 |    110 |    250 |   1517 |   4 |  682.0 |
       Dungeon |   2728 |   2618 |    110 |    250 |   1517 |   4 |  682.0 |
               +--------+--------+--------+--------+--------+-----+--------+

Top non-repeatable levels by time:
     D:2: 955 daAuts
     D:1: 842 daAuts
     D:3: 764 daAuts
     D:4: 166 daAuts
